 Dungeon Crawl Stone Soup version 0.31-a0-1626-g5cb510d322 (webtiles) character file.

Game seed: 3995199425365391478

4119 Malachi the Protected (level 10, -3/80 (81) HPs)
             Began as an Armataur Cinder Acolyte on Jan 12, 2024.
             Was a High Priest of Ignis.
             Slain by a death yak (13 damage)
             ... on level 9 of the Dungeon.
             The game lasted 00:14:54 (8301 turns).

Malachi the Protected (Armataur Cinder Acolyte)     Turns: 8301, Time: 00:14:54

HP:   -3/80 (81)    AC: 15    Str: 24    XL:     10   Next: 6%
MP:   11/11         EV:  6    Int: 15    God:    Ignis [*****.]
Gold: 693           SH:  4    Dex:  5    Spells: 11/11 levels left

rFire   + . .        g - +6 shillelagh "Devastator" {shatter}
rCold   . . .        x - +0 buckler
rNeg    . . .        j - +2 chain mail {rPois}
rPois   +            (no helmet)
rElec   .            v - +0 cloak
rCorr   .            e - +1 pair of gloves
SInv    +            (no barding)
Will    +....        t - amulet of regeneration Stlth
                     h - ring of see invisible
HPRegen 3.08/turn    r - ring of willpower
MPRegen 1.11/turn

%: roll
@: lightly drained
A: large, deformed body, tough skin 3, armoured tail, roll 2, stinger 1, frail 1
a: Renounce Religion, Fiery Armour, Foxfire Swarm, Rising Flame


You were on level 9 of the Dungeon.
You worshipped Ignis.
Ignis was extremely pleased with you.
You visited 1 branch of the dungeon, and saw 9 of its levels.
You also visited: Sewer and Ossuary.

You collected 855 gold pieces.
You spent 162 gold pieces at shops.

Inventory:

Hand Weapons
 b - a +3 vampiric hand axe
 g - the +6 shillelagh "Devastator" (weapon) {shatter}
   (You found it on level 3 of the Dungeon)
 k - a +3 flail of draining
Missiles
 a - 5 silver javelins
 c - 6 boomerangs
 p - 2 throwing nets (quivered)
 A - 3 javelins
 C - 3 curare-tipped darts
Armour
 e - a +1 pair of gloves (worn)
 j - a +2 chain mail of poison resistance (worn)
 m - an orb of mayhem
 v - a +0 cloak (worn)
 x - a +0 buckler (worn)
 D - the +1 helmet of Gaetoeng {Dex+3}
   (You found it on level 6 of the Dungeon)

   Dex+3:     It affects your dexterity (+3).
Jewellery
 h - a ring of see invisible (left hand)
 r - a ring of willpower (right hand)
 t - an amulet of regeneration (around neck)
 u - a ring of protection from fire
 y - an amulet of guardian spirit
 B - a +6 ring of strength
Scrolls
 o - 4 scrolls of teleportation
 q - a scroll of blinking
 G - a scroll of revelation
Potions
 d - 3 potions of attraction
 f - a potion of might
 i - 2 potions of brilliance
 l - 2 potions of curing
 n - 2 potions of berserk rage {unknown}
 s - a potion of magic
 w - 3 potions of enlightenment
 z - a potion of resistance {unknown}
 E - a potion of lignification {unknown}
 F - 2 potions of ambrosia


   Skills:
 + Level 8.4 Fighting
 + Level 8.3 Maces & Flails
 + Level 8.5 Armour
 + Level 3.8 Shields
 - Level 1.0 Spellcasting
 - Level 2.6 Fire Magic


You had 11 spell levels left.
You didn't know any spells.
Your spell library contained the following spells:

 Spells                   Type           Power      Damage    Failure   Level
 Scorch                   Fire           16%        2d5       56%         2
 Summon Small Mammal      Summ           0%         N/A       80%         1
 Ensorcelled Hibernation  Hex/Ice        0%         N/A       90%         2
 Jinxbite                 Hex            0%         N/A       90%         2
 Call Canine Familiar     Summ           0%         N/A       99%         3
 Hailstorm                Conj/Ice       0%         3d5       99%         3
 Passwall                 Erth           0%         N/A       99%         3
 Sigil of Binding         Hex            0%         N/A       99%         3
 Summon Ice Beast         Ice/Summ       0%         N/A       99%         3
 Swiftness                Air            0%         N/A       99%         3
 Dimensional Bullseye     Hex/Tloc       0%         N/A       100%        4
 Summon Blazeheart Golem  Fire/Summ      4%         N/A       100%        4
 Yara's Violent Unravell  Hex/Alch       0%         3d3       100%        5
 Sculpt Simulacrum        Ice/Alch       0%         N/A       100%        6
 Enfeeble                 Hex            0%         N/A       100%        7


Dungeon Overview and Level Annotations

Branches:
Dungeon (9/15)             Temple (0/1) D:4            Lair (0/5) D:9
  Sewer (visited)         Ossuary (visited)
    Orc: D:9-12

Altars:
Gozag
Nemelex Xobeh
Uskayaw
Wu Jian
Zin

Shops:
D:1 *   D:5 *


Innate Abilities, Weirdness & Mutations

Armour fits poorly on your strangely shaped body.
You have extremely tough skin. (AC +3)
You have a long armoured tail.
You regenerate magic and health when rolling toward enemies. (Rampage Regen)
Your tail ends in a venomous barb.
You are frail. (-10% HP)


Message History

You kill the orc wizard!
Unknown command.
You roll towards the death yak!
You barely miss the death yak.
You tail-slap the death yak, but do no damage.
The death yak gores you but does no damage.
The death yak gores you!
You barely miss the death yak. The death yak barely misses you.
The death yak gores you!
You hit the death yak.
The death yaks shudder.
The death yak is lightly wounded. x4
The death yak gores you. The orc hits you with a +0 club.
The death yak gores you but does no damage.
The death yak gores you!
Unknown command.
Unknown command.
Unknown command.
You hit the death yak.
The death yaks shudder.
The death yak is lightly wounded. x2
You tail-slap the death yak.
The death yak is moderately wounded.
The death yak gores you! The orc hits you but does no damage.
The death yak gores you. x2
* * * LOW HITPOINT WARNING * * *
Unknown command.
Unknown command.
Unknown command.
You are too injured to fight recklessly!
Unknown command.
You are too injured to fight recklessly!
Unknown command.
You are too injured to fight recklessly!
Unknown command.
You are too injured to fight recklessly!
The death yak gores you but does no damage.
The death yak attacks as it pursues you!
The death yak gores you!!
* * * LOW HITPOINT WARNING * * *
The death yak attacks as it pursues you!
The death yak gores you!
You die...

#.... ..# .##.... #.#
.......##.############
..>..................#
....................#
##.................#
..#...).Y............#
......o†.Y@..........#
.......Y.............#
..#.##.#############.#
##################.#
..................#
.<................#
..................#
.#######...###########
...........######


You could see 3 death yaks and an orc.

Vanquished Creatures
  Sigmund (D:2)
  4 yaks (D:8)
  A wyvern (D:7)
  Menkaure (D:5)
  A sky beast (D:8)
  An ice beast (D:5)
  2 black bears
  A centaur (D:8)
  4 ogres
  2 kobold brigands
  2 phantoms
  A gnoll sergeant (D:7)
  3 scorpions
  4 bullfrogs
  4 killer bees (D:8)
  A howler monkey (D:5)
  3 centaur zombies (Ossuary)
  6 hounds
  3 orc priests
  Crazy Yiuf (D:5)
  2 human zombies (Ossuary)
  2 jellies (D:5)
  4 iguanas
  A sleepcap (D:4)
  4 orc wizards
  2 hell rats (D:9)
  8 hound zombies (Ossuary)
  2 mummies (Ossuary)
  5 adders
  14 gnolls
  A river rat (D:9)
  2 shadow imps
  2 white imps (D:5)
  3 adder zombies (Ossuary)
  10 dart slugs
  7 ribbon worms
  25 orcs
  22 endoplasms
  14 giant cockroaches
  4 gnoll zombies (Ossuary)
  8 goblins
  8 hobgoblins
  4 jackals (D:1)
  12 kobolds
  7 quokkas
  13 ball pythons
  13 bats
  16 frilled lizards
  9 jackal zombies (Ossuary)
  4 kobold zombies (Ossuary)
  4 orc zombies (Ossuary)
  5 rats
283 creatures vanquished.

Notes
Turn   | Place    | Note
-------+----------+-------------------------------------------
     0 | D:1      | Malachi the Armataur Cinder Acolyte began the quest for the
                  | Orb.
     0 | D:1      | Reached XP level 1. HP: 18/18 MP: 2/2
   131 | D:1      | You fall into a shaft and drop 1 floor!
   170 | D:1      | Reached XP level 2. HP: 10/26 MP: 3/3
   483 | D:1      | Reached XP level 3. HP: 31/31 MP: 4/4
   647 | D:1      | Found Zevvez's General Store.
  1233 | D:2      | Noticed Sigmund
  1241 | D:2      | Gained mutation: You are frail. (-10% HP) [potion of
                  | mutation]
  1241 | D:2      | Gained mutation: You possess an exceptional clarity of
                  | mind. [potion of mutation]
  1241 | D:2      | Gained mutation: Your tail ends in a venomous barb. [potion
                  | of mutation]
  1247 | D:2      | Killed Sigmund
  1248 | D:2      | Reached XP level 4. HP: 14/36 MP: 5/5
  1248 | D:2      | Reached XP level 5. HP: 16/42 MP: 6/6
  1387 | D:2      | Found a faded altar of an unknown god.
  1722 | D:2      | Found a hide-covered altar of Uskayaw.
  2170 | D:3      | Found an ornate altar of the Wu Jian Council.
  2221 | D:3      | Reached XP level 6. HP: 39/49 MP: 7/7
  2310 | D:3      | Found the +6 shillelagh "Devastator" {shatter}
  2498 | D:3      | Reached skill level 5 in Fighting
  2498 | D:3      | Reached skill level 5 in Maces & Flails
  2823 | D:4      | Reached skill level 1 in Armour
  2893 | D:4      | Found a glowing silver altar of Zin.
  2962 | D:4      | Gained mutation: You regenerate magic and health when
                  | rolling toward enemies. (Rampage Regen) [Armataur growth]
  2962 | D:4      | Reached XP level 7. HP: 48/54 MP: 8/8
  3178 | D:4      | Found a staircase to the Ecumenical Temple.
  3290 | D:4      | Found a glowing drain.
  3301 | Sewer    | Entered a sewer
  3679 | D:4      | Found an opulent altar of Gozag.
  4011 | D:5      | Entered Level 5 of the Dungeon
  4029 | D:5      | Noticed Menkaure
  4032 | D:5      | Killed Menkaure
  4033 | D:5      | Reached XP level 8. HP: 55/63 MP: 9/9
  4593 | D:5      | Reached skill level 5 in Armour
  4826 | D:5      | Found Tiol's Assorted Antiques.
  4830 | D:5      | Bought a scroll of identify for 42 gold pieces
  4830 | D:5      | Bought a fizzy inky potion for 18 gold pieces
  4830 | D:5      | Bought a quarterstaff for 84 gold pieces
  4830 | D:5      | Bought a lumpy red potion for 18 gold pieces
  5130 | D:5      | Found a runed translucent door.
  5131 | D:5      | Noticed Crazy Yiuf
  5359 | D:5      | Killed Crazy Yiuf
  5668 | D:6      | Identified the +1 helmet of Gaetoeng {Dex+3}
  5908 | D:6      | Found a sand-covered staircase.
  6083 | Ossuary  | Entered an ossuary
  6133 | Ossuary  | Reached XP level 9. HP: 71/71 MP: 10/10
  6455 | D:6      | Found a sparkling altar of Nemelex Xobeh.
  6790 | D:7      | Reached skill level 1 in Shields
  7430 | D:8      | Noticed an unseen horror
  7906 | D:8      | Reached XP level 10. HP: 80/80 MP: 11/11
  8241 | D:8      | Lost mutation: Your tail ends in a venomous barb. [potion
                  | of mutation]
  8241 | D:8      | Lost mutation: You possess an exceptional clarity of mind.
                  | [potion of mutation]
  8241 | D:8      | Lost mutation: You are frail. (-10% HP) [potion of
                  | mutation]
  8241 | D:8      | Gained mutation: You have a beak for a mouth. [potion of
                  | mutation]
  8241 | D:8      | Gained mutation: You have large cloven feet. [potion of
                  | mutation]
  8241 | D:8      | Gained mutation: You have an increased reservoir of magic.
                  | (+10% MP) [potion of mutation]
  8246 | D:8      | Lost mutation: You have an increased reservoir of magic.
                  | (+10% MP) [potion of mutation]
  8246 | D:8      | Lost mutation: You have a beak for a mouth. [potion of
                  | mutation]
  8246 | D:8      | Lost mutation: You have large cloven feet. [potion of
                  | mutation]
  8246 | D:8      | Gained mutation: You are frail. (-10% HP) [potion of
                  | mutation]
  8246 | D:8      | Gained mutation: Your tail ends in a venomous barb. [potion
                  | of mutation]
  8289 | D:9      | Noticed a death yak
  8290 | D:9      | Found a staircase to the Lair.
  8290 | D:9      | Noticed a death yak
  8290 | D:9      | Noticed a death yak
  8301 | D:9      | Slain by a death yak

Illustrated notes

Levels and vault maps discovered:
D:1:      dpeg_arrival_simpleton_c, layout_loops_ring, serial_shops,
          nicolae_shop_real_fake_doors, serial_forest,
          infiniplex_forest_lined_ring, infiniplex_forest_lined_2,
          infiniplex_forest_straight_1, infiniplex_forest_clump_double,
          infiniplex_forest_clump_small, infiniplex_forest_zigzag_1,
          infiniplex_forest_lined_corner, infiniplex_forest_lined_corner
D:2:      layout_loops_ring, ebering_ecumenical_altar_mist, basic_altar,
          kennysheep_flooded_box, nicolae_wormholes, uniq_sigmund
D:3:      layout_rooms, mainiacjoe_overflow_brackets, minivault_23
D:4:      layout_loops_cross, mainiacjoe_overflow_alcove_1,
          nicolae_gozag_cash_rules_everything_around_me,
          minmay_temple_entry_antechambers, portal_sewer_entry_f
D:5:      minmay_polygon_palace, layout_basic, serial_shops,
          nicolae_shop_behind_doors, kennysheep_generic_room_5,
          uniq_crazy_yiuf_cottage, uniq_menkaure
D:6:      layout_loops_cross, nemelex_dance_club_becter,
          nicolae_ossuary_entry_false_entrances
D:7:      layout_basic, nicolae_water_bricks
D:8:      nicolae_cairo_tiling_large, layout_loops_corners,
          dreamdust_wishing_well, hex_large, unseen_surprise_small
D:9:      layout_long_grid, dpeg_lair_monsters, minmay_misc_feat_room

Skill      XL: |  1  2  3  4  5  6  7  8  9 |
---------------+----------------------------+-----
Fighting       | 3 4 5 6 7 8 |  8.4
Maces & Flails | 3 4 5 6 7 8 |  8.3
Armour         | 2 4 6 8 |  8.5
Shields        | 3 |  3.8
Spellcasting   | |  1.0
Fire Magic     | |  2.6

Action                     |  1- 3 |  4- 6 |  7- 9 | 10-12 || total
---------------------------+-------+-------+-------+-------++-------
  Melee: Mace              |   120 |       |       |       ||   120
         Tailslap          |    15 |    11 |    24 |     2 ||    52
         Hand axe          |     7 |    43 |       |       ||    50
         Punch             |     1 |       |       |       ||     1
         Flail             |       |    59 |       |       ||    59
         Halberd           |       |     2 |       |       ||     2
         Shillelagh        |       |    12 |   243 |    14 ||   269
    Use: Potion            |     5 |       |       |     2 ||     7
         Scroll            |       |     3 |    10 |     1 ||    14
 Armour: Robe              |    35 |       |       |       ||    35
         Ring mail         |    76 |       |       |       ||    76
         Chain mail        |     7 |    96 |   181 |    19 ||   303
  Dodge: Dodged            |    53 |    34 |    54 |     2 ||   143
  Block: Buckler           |       |       |     9 |     1 ||    10

Table legend: (Time is in decaauts)
 A = Elapsed time spent in this place.
 B = Non-inter-level travel time spent in this place.
 C = Inter-level travel time spent in this place.
 D = Time resting spent in this place.
 E = Time spent auto-exploring this place.
 F = Levels seen in this place.
 G = Mean time per level.
                   A        B        C        D        E       F      G
               +--------+--------+--------+--------+--------+-----+--------+
         Total |   8330 |   7209 |   1121 |     69 |   5446 |  11 |  757.3 |
       Dungeon |   7979 |   6858 |   1121 |     69 |   5391 |   9 |  886.6 |
         Sewer |    184 |    184 |      0 |      0 |     36 |   1 |  184.0 |
       Ossuary |    167 |    167 |      0 |      0 |     19 |   1 |  167.0 |
               +--------+--------+--------+--------+--------+-----+--------+

Top non-repeatable levels by time:
     D:5: 1263 daAuts
     D:1: 1222 daAuts
     D:8: 1020 daAuts
     D:2: 979 daAuts
     D:4: 952 daAuts
     D:6: 938 daAuts
     D:3: 890 daAuts
     D:7: 664 daAuts
   Sewer: 184 daAuts
 Ossuary: 167 daAuts
     D:9: 48 daAuts
